AoeStats
← miguelon01

Black Forest

508776741Analyzed
4v4 RM · 8d ago on Sep 24, 2026· 106m 33s· 8 players
Game mode
Random Map
Map size
Large (8 player)
Population
200
Speed
Normal
Resources
Standard
Victory
Conquest
Starting age
Dark Age
Ending age
Imperial Age
RankedLock teamsTeams togetherTeam positionsShared explorationLock speedFull tech treeHidden civsTurbo modeCheats
Victory
Defeat
🇨🇦 Goths · Canada
1182
+17
🇹🇷 Koreans · Türkiye
1169
+18
🇧🇷 Maya · Brazil
1158
+18
🇮🇹 Persians · Italy
1143
+19
🇧🇷 Bohemians · Brazil
1228
-19
🇺🇸 Celts · United States
1220
-19
🇯🇵 Sicilians · Japan
1215
-18
🇵🇪 Danes · Peru
1154
-16
Nuhro
1:09 Loom
13:28 Feudal Age
14:40 Double-Bit Axe
17:33 Fletching
21:16 Castle Age
19:24 Horse Collar
21:29 Gold Mining
22:56 Bodkin Arrow
27:46 Wheelbarrow
40:49 Imperial Age
38:52 Hand Cart
38:48 Heavy Plow
43:28 Bow Saw
47:56 Town Watch
49:45 Elite War Wagon
51:15 Bracer
61:39 Elite Skirmisher
62:26 Thumb Ring
67:25 Heavy Rocket Cart
85:32 Scale Barding Armor
85:38 Forging
90:14 Light Cavalry
94:53 Hussar
95:37 Husbandry
97:52 Two-Man Saw
97:35 Chain Barding Armor
99:17 Iron Casting
104:39 Town Patrol
Tikka Masala
10:31 Feudal Age
15:07 Castle Age
13:25 Loom
13:55 Double-Bit Axe
14:26 Horse Collar
18:25 Bow Saw
21:30 Wheelbarrow
20:40 Town Watch
21:37 Stone Mining
24:12 Stone Shaft Mining
24:54 Hand Cart
29:34 Imperial Age
27:19 Gold Mining
28:00 Scale Barding Armor
28:39 Gold Shaft Mining
28:50 Heavy Plow
30:13 Conscription
31:07 Citadels
32:38 Elite War Elephant
34:46 Two-Man Saw
34:15 Forging
34:59 Chain Barding Armor
40:46 Iron Casting
40:36 Caravan
45:33 Blast Furnace
45:08 Plate Barding Armor
46:04 Bloodlines
45:54 Husbandry
45:14 Cavalier
45:15 Light Cavalry
46:40 Hussar
47:23 Murder Holes
48:21 Plate Barding Armor
47:42 Savar
47:53 Savar
53:17 Fletching
55:16 Elite Skirmisher
67:36 Ballistics
67:37 Capped Ram
70:20 Siege Ram
82:19 Chemistry
89:23 Bodkin Arrow
93:21 Padded Archer Armor
Dègno
6:05 Loom
12:12 Feudal Age
16:18 Castle Age
15:18 Double-Bit Axe
17:17 Bow Saw
17:46 Wheelbarrow
20:57 Horse Collar
24:29 Stone Mining
24:29 Gold Mining
24:47 Heavy Plow
26:10 Hand Cart
25:41 Town Watch
28:06 Town Patrol
31:07 Imperial Age
28:53 Scale Mail Armor
29:03 Forging
30:10 Chain Mail Armor
31:01 Iron Casting
30:51 Stone Mining
30:58 Gold Mining
32:33 Conscription
33:53 Anarchy
33:47 Elite Huskarl
35:21 Squires
36:26 Blast Furnace
35:17 Fletching
36:46 Caravan
38:58 Town Patrol
41:31 Perfusion
50:14 Perfusion
52:30 Bodkin Arrow
53:41 Two-Man Saw
65:39 Masonry
66:31 Chemistry
65:52 Ballistics
65:28 Murder Holes
66:22 Pikeman
66:51 Halberdier
miguelon01
0:26 Loom
14:13 Feudal Age
19:34 Castle Age
18:17 Double-Bit Axe
18:42 Stone Mining
25:24 Horse Collar
27:58 Wheelbarrow
29:49 Fletching
30:28 Padded Archer Armor
33:02 Gold Mining
39:44 Imperial Age
38:25 Ballistics
38:30 Bodkin Arrow
40:44 Bracer
41:18 Elite Skirmisher
53:23 Bow Saw
56:43 Crossbowman
63:25 Forging
65:45 Scale Mail Armor
67:55 Hand Cart
67:42 Heavy Plow
72:10 Squires
71:36 Pikeman
78:47 Leather Archer Armor
80:40 Chain Mail Armor
81:14 Chain Mail Armor
81:30 Ring Archer Armor
82:55 Plate Mail Armor
83:01 Iron Casting
82:52 Halberdier
86:43 Chemistry
85:39 Capped Ram
87:58 Blast Furnace
88:44 Siege Ram
91:43 Masonry
93:16 Two-Man Saw
92:48 Crop Rotation
92:10 Arbalester
92:56 Thumb Ring
95:50 Guard Tower
97:51 Arson
100:55 Treadmill Crane
102:36 Keep
104:17 Architecture
[ATARB] ExDic Nicolas Maduro
1:17 Loom
1:23 Loom
11:01 Feudal Age
15:52 Castle Age
17:35 Horse Collar
17:43 Double-Bit Axe
19:39 Heavy Plow
33:26 Scale Mail Armor
33:36 Forging
34:45 Wheelbarrow
34:56 Bow Saw
38:06 Chain Mail Armor
39:16 Iron Casting
42:22 Imperial Age
40:08 Hand Cart
44:09 Heavy Scorpion
45:52 Chemistry
44:49 Pikeman
45:14 Arson
46:33 Town Watch
46:37 Halberdier
48:47 Elite Skirmisher
56:01 Conscription
57:05 Fletching
57:16 Padded Archer Armor
57:41 Ballistics
57:52 Murder Holes
62:09 Onager
74:08 Plate Mail Armor
73:54 Leather Archer Armor
73:44 Scale Barding Armor
74:40 Blast Furnace
73:37 Bodkin Arrow
92:16 Ring Archer Armor
94:01 Husbandry
93:32 Light Cavalry
101:16 Capped Ram
Ypsilon
11:27 Feudal Age
12:11 Double-Bit Axe
15:11 Castle Age
13:14 Horse Collar
16:21 Bow Saw
16:25 Heavy Plow
17:45 Loom
18:38 Wheelbarrow
18:35 Loom
20:54 Wheelbarrow
21:44 Fervor
22:42 Hand Cart
28:44 Imperial Age
26:57 Scale Mail Armor
27:08 Forging
28:08 Chemistry
27:36 Forging
27:10 Pikeman
27:50 Squires
28:07 Chain Mail Armor
29:48 Iron Casting
29:11 Halberdier
30:23 Plate Mail Armor
30:14 Siege Engineers
31:34 Two-Man Saw
33:50 Blast Furnace
33:39 Bombard Tower
32:50 Houfnice
33:55 Ballistics
33:30 Fletching
35:07 Sanctity
35:04 Block Printing
35:16 Illumination
34:55 Arrowslits
35:06 Bodkin Arrow
36:04 Caravan
36:22 Hussite Reforms
36:38 Conscription
36:55 Bracer
38:54 Theocracy
39:14 Masonry
43:06 Architecture
43:30 Arson
57:35 Murder Holes
59:44 Fortified Wall
67:56 Guilds
74:28 Sappers
KJI
10:59 Feudal Age
11:37 Loom
16:08 Double-Bit Axe
19:38 Castle Age
18:13 Stone Mining
18:59 Fletching
25:58 Horse Collar
26:11 Gold Mining
31:57 Wheelbarrow
32:15 Bow Saw
37:28 Imperial Age
37:49 Heavy Plow
38:23 Scale Mail Armor
38:35 Forging
38:27 Elite Serjeant
40:13 Chain Mail Armor
40:34 Iron Casting
40:55 First Crusade
41:02 Conscription
42:44 First Crusade
42:44 Conscription
43:50 Blast Furnace
43:20 Plate Mail Armor
42:46 Bodkin Arrow
48:29 Bracer
52:37 Hand Cart
57:03 Cavalier
57:55 Bloodlines
57:46 Husbandry
58:10 Light Cavalry
58:47 Onager
79:23 Elite Skirmisher
106:36 Padded Archer Armor
jona_vte_94
0:39 Loom
14:08 Feudal Age
18:47 Castle Age
16:52 Scale Mail Armor
17:03 Forging
17:29 Double-Bit Axe
18:39 Horse Collar
20:28 Wheelbarrow
24:48 Gambesons
25:04 Squires
24:50 Arson
27:46 Town Watch
29:48 Chain Mail Armor
30:46 Iron Casting
31:12 Arson
32:28 Hand Cart
32:25 Bow Saw
35:57 Imperial Age
34:48 Gold Mining
35:10 Bow Saw
35:23 Hamask
37:05 Conscription
37:25 Plate Mail Armor
37:41 Elite Varangian Guard
39:23 Blast Furnace
41:36 Fletching
62:49 Scale Barding Armor
64:30 Light Cavalry
68:55 Gold Shaft Mining
76:17 Bodkin Arrow
77:55 Northmen's Fury
79:50 Conscription
82:29 Elite Jomsviking
83:57 Bracer
90:37 Hoardings
93:23 Bloodlines
102:26 Heavy Plow
102:49 Chain Barding Armor
102:35 Town Patrol
103:30 Siege Engineers
103:26 Pikeman
Connection lost

Rejoining the realm…

Still unreachable

The connection could not be restored.

Session expired

The server has moved on; the page needs a fresh start.